 Dungeon Crawl Stone Soup version 0.23.1 (webtiles) character file.

Game seed: 3098847799245278086

10053 Kairos the Covert (level 11, -4/56 HPs)
             Began as a Vine Stalker Assassin on Mar 8, 2019.
             Was a Follower of Uskayaw.
             Slain by a komodo dragon (8 damage)
             ... on level 1 of the Lair of Beasts.
             The game lasted 00:20:12 (8830 turns).

Kairos the Covert (Vine Stalker Assassin)           Turns: 8830, Time: 00:20:13

Health: -4/56      AC: 13    Str: 16    XL:     11   Next: 56%
Magic:  0/16       EV: 15    Int: 11    God:    Uskayaw [*.....]
Gold:   725        SH:  0    Dex: 17    Spells: 9/10 levels left

rFire    . . .     SeeInvis .   u - +1 dagger (venom)
rCold    + . .     Gourm    .   (no shield)
rNeg     . . .     Faith    .   O - +1 ring mail of Wrong Decisions {+Inv MR+ Stlth+}
rPois    .         Spirit   +   n - +0 helmet
rElec    .         Reflect  .   E - scarf {repulsion}
rCorr    .         Harm     .   w - +2 pair of gloves
MR       ++...                  o - +1 pair of boots
Stlth    ++++++....             (no amulet)
HPRegen  0.58/turn              (no ring)
MPRegen  0.15/turn              (no ring)

@: flying, repel missiles
A: fangs 3, cold resistance 1, high mp 1, regeneration 1, screaming 1, magic
shield, antimagic bite, no potion heal 3, rot immunity
a: Stomp, Renounce Religion, Evoke Invisibility


You were on level 1 of the Lair of Beasts.
You worshipped Uskayaw.
Uskayaw was noncommittal.
You were not hungry.

You visited 3 branches of the dungeon, and saw 12 of its levels.
You also visited: Sewer.

You collected 725 gold pieces.

Inventory:

Hand Weapons
 a - a +2 dagger
 b - a +0 blowgun
 q - a +2 hand axe of electrocution
 u - a +1 dagger of venom (weapon)
 N - a +5 short sword
Missiles
 e - 23 poisoned needles
 f - 4 curare-tipped needles
 r - 4 javelins (quivered)
 x - 2 throwing nets
 H - 4 tomahawks
Armour
 n - a +0 helmet (worn)
 o - a +1 pair of boots (worn)
 w - a +2 pair of gloves (worn)
 z - a cursed -2 scale mail
 D - a +2 ring mail of cold resistance
 E - a scarf of repulsion (worn)
 G - a +0 shield
 O - the +1 ring mail of Wrong Decisions (worn) {+Inv MR+ Stlth+}
   (You found it on level 8 of the Dungeon)

   It affects your resistance to hostile enchantments.
   It lets you turn invisible.
   It makes you more stealthy.
Jewellery
 s - an uncursed ring of ice
Wands
 y - a wand of paralysis (8)
 A - a wand of scattershot (6)
 I - a wand of random effects (18)
 J - a wand of flame (16)
Scrolls
 c - 4 scrolls of magic mapping
 d - 4 scrolls of remove curse
 i - 8 scrolls of amnesia
 l - a scroll of vulnerability {unknown}
 p - 4 scrolls of blinking
 P - a scroll of teleportation {unknown}
Potions
 h - 2 potions of flight
 k - 2 potions of brilliance {unknown}
 m - a potion of cancellation {unknown}
 t - 2 potions of curing
 v - a potion of ambrosia {unknown}
 B - a potion of invisibility {unknown}
 C - a potion of haste {unknown}
 F - a potion of degeneration {unknown}
 K - a potion of might
 L - a potion of heal wounds {unknown}
Comestibles
 g - 15 rations
 j - a chunk of flesh


   Skills:
 + Level 6.0 Fighting
 + Level 7.7 Short Blades
 + Level 1.7 Throwing
 + Level 4.7 Armour
 + Level 6.7 Dodging
 * Level 13.1 Stealth
 * Level 3.9 Evocations


You had 9 spell levels left.
You knew the following spells:

 Your Spells              Type           Power        Failure   Level  Hunger
a - Confusing Touch       Hex            #.....       54%         1    ##.....

Your spell library contained the following spells:

 Spells                   Type           Power        Failure   Level  Hunger
 Animate Skeleton         Necr           N/A          54%         1    ##.....
 Apportation              Tloc           #.....       54%         1    ##.....
 Beastly Appendage        Tmut           #.....       54%         1    ##.....
 Flame Tongue             Conj/Fire      #....        54%         1    ##.....
 Summon Butterflies       Summ           #.......     54%         1    ##.....
 Summon Small Mammal      Summ           #...         54%         1    ##.....
 Sticks to Snakes         Tmut           #.......     67%         2    ###....
 Lesser Beckoning         Tloc           #.........   88%         3    ####...
 Spider Form              Tmut/Pois      #.........   88%         3    ####...
 Tukima's Dance           Hex            #.......     88%         3    ####...
 Cause Fear               Hex            #.........   99%         4    #####..
 Ice Form                 Ice/Tmut       #.......     99%         4    #####..
 Alistair's Intoxication  Tmut/Pois      #.......     100%        5    ######.
 Blade Hands              Tmut           #.........   100%        5    ######.
 Bolt of Fire             Conj/Fire      #.........   100%        6    #######
 Invisibility             Hex            #.......     100%        6    #######
 Dragon Form              Tmut           #.........   100%        7    #######
 Dragon's Call            Summ           #.........   100%        9    #######


Dungeon Overview and Level Annotations

Branches:
Dungeon (10/15)            Temple (1/1) D:4            Lair (1/6) D:9
    Orc (0/2) D:10

Altars:
Cheibriados
Dithmenos
Elyvilon
Fedhas
Gozag
Hepliaklqana
Kikubaaqudgha
Makhleb
Nemelex Xobeh
Okawaru
Qazlal
Ru
Sif Muna
Trog
Uskayaw
Vehumet
Wu Jian
Xom
Yredelemnul
Zin
The Shining One

Shops:
D:5 *

Annotations:
D:4 Blork the orc
D:9 Graouh's ghost, journeyman MiFi


Innate Abilities, Weirdness & Mutations

You have razor-sharp teeth.
Your natural rate of healing is unusually fast.
When hurt, damage is shared between your health and your magic reserves.
Your bite disrupts and absorbs the magic of your enemies.
Potions cannot restore your health.
You are immune to rotting.
Your flesh is cold resistant. (rC+)
You have an increased reservoir of magic. (+10% MP)
You occasionally shout uncontrollably at your foes.


Message History

* * * LOW HITPOINT WARNING * * *
You hit the komodo dragon but do no damage.
The komodo dragon is moderately wounded.
The porcupine misses you.
You can no longer pass through a line of other dancers.
You hit the komodo dragon but do no damage.
The komodo dragon looks as sick as possible!
You bite the komodo dragon, but do no damage.
The komodo dragon is moderately wounded.
The komodo dragon bites you but does no damage.
It was a potion of flight.
You feel very buoyant.
You fly up into the air.
The porcupine bites you!
* * * LOW HITPOINT WARNING * * *
The komodo dragon misses you. The porcupine completely misses you.
You hit the komodo dragon but do no damage.
Your bite misses the komodo dragon.
The komodo dragon is heavily wounded.
The komodo dragon bites you!
You die...

#...........###
#.##...........
#####.........#
#...^.......
#......#...
#...........
###.........
#lr#.......
#@###...... ###
$.#... .#.(..
##..?. ..


You could see a komodo dragon and a porcupine.

Vanquished Creatures
  A hydra (Lair:1)
  A wizard (D:9)
  Pikel (D:5)
  A spiny frog (Lair:1)
  A komodo dragon (D:9)
  Prince Ribbit (D:5)
  2 hornets (D:8)
  4 hippogriffs
  5 blink frogs (Lair:1)
  12 yaks
  Menkaure (D:5)
  A soldier ant (D:8)
  A water moccasin (Lair:1)
  A black bear (D:8)
  A slave (D:5)
  An orc warrior (D:8)
  3 ice beasts
  5 ogres
  A crocodile (Lair:1)
  4 centaurs
  A big kobold (D:7)
  8 bullfrogs
  A wyvern skeleton (D:8)
  A water moccasin skeleton (D:6)
  4 scorpions
  A wight (D:8)
  A bullfrog zombie (D:6)
  A centaur zombie (D:6)
  8 hounds
  3 jellies
  2 centaur skeletons
  4 orc wizards
  3 bullfrog skeletons
  2 iguanas
  8 worker ants
  2 hound skeletons
  Robin (D:2)
  4 gnolls
  A howler monkey skeleton (D:6)
  13 adders
  4 shadow imps
  14 oozes
  An adder zombie (D:8)
  An adder skeleton (D:6)
  2 worms (D:2)
  5 dart slugs
  17 leopard geckos
  16 orcs
  14 ball pythons
  4 bats
  18 giant cockroaches
  13 goblins
  8 hobgoblins
  6 jackals
  4 quokkas
  16 frilled lizards
  A giant cockroach zombie (D:6)
  14 kobolds
  A quokka skeleton (D:4)
  12 rats
288 creatures vanquished.

Vanquished Creatures (others)
  A bullfrog skeleton (D:5)
  Ijyb (D:5)
  An adder (D:5)
  4 plants
7 creatures vanquished.

Grand Total: 295 creatures vanquished

Notes
Turn   | Place    | Note
-------+----------+-------------------------------------------
     0 | D:1      | Kairos the Vine Stalker Assassin began the quest for the
                  | Orb.
     0 | D:1      | Reached XP level 1. HP: 11/11 MP: 2/2
    28 | D:1      | Reached skill level 5 in Stealth
   329 | D:1      | Reached XP level 2. HP: 7/15 MP: 3/3
   676 | D:1      | Reached skill level 1 in Dodging
   700 | D:1      | Reached XP level 3. HP: 10/18 MP: 4/4
   859 | D:1      | Gained mutation: Your flesh is cold resistant. (rC+)
                  | [potion of mutation]
   859 | D:1      | Gained mutation: You occasionally shout uncontrollably at
                  | your foes. [potion of mutation]
   859 | D:1      | Gained mutation: You have an increased reservoir of magic.
                  | (+10% MP) [potion of mutation]
   895 | D:2      | Found a basalt altar of Yredelemnul.
  1015 | D:2      | Reached skill level 6 in Stealth
  1197 | D:2      | Noticed Robin
  1560 | D:2      | Gained mutation: Your natural rate of healing is unusually
                  | fast. [Vine Stalker growth]
  1560 | D:2      | Reached XP level 4. HP: 23/23 MP: 5/5
  1685 | D:2      | Found a sparkling altar of Nemelex Xobeh.
  2032 | D:2      | Killed Robin
  2037 | D:2      | HP: 1/23 [hobgoblin[Robin] (4)]
  2271 | D:3      | Reached XP level 5. HP: 22/26 MP: 6/6
  2283 | D:3      | Found a glowing drain.
  2292 | Sewer    | Entered a sewer
  2573 | Sewer    | Reached XP level 6. HP: 31/31 MP: 7/7
  2770 | D:3      | Noticed an ice beast
  2791 | D:3      | Killed an ice beast
  2791 | D:3      | Reached XP level 7. HP: 23/35 MP: 8/8
  2826 | D:3      | Found a shadowy altar of Dithmenos.
  2900 | D:3      | Reached skill level 7 in Stealth
  3446 | D:4      | Noticed Blork the orc
  3564 | D:4      | Found a deep blue altar of Sif Muna.
  3891 | D:4      | Found a staircase to the Ecumenical Temple.
  3899 | Temple   | Entered the Ecumenical Temple
  4054 | D:5      | Entered Level 5 of the Dungeon
  4067 | D:5      | Noticed a +0 dagger
  4067 | D:5      | Noticed a +0 dagger
  4069 | D:5      | Found a hide-covered altar of Uskayaw.
  4087 | D:5      | Became a worshipper of Uskayaw the Reveler
  4175 | D:5      | Found Zin's Purification Station.
  4177 | D:5      | Noticed Ijyb
  4178 | D:5      | Noticed Pikel
  4179 | D:5      | Found a glowing silver altar of Zin.
  4211 | D:5      | HP: 1/35 [Pikel/+0 whip of flaming (1)]
  4219 | D:5      | HP: 1/35 [Pikel/+0 whip of flaming (1)]
  4232 | D:5      | Killed Pikel
  4232 | D:5      | Reached skill level 5 in Short Blades
  4232 | D:5      | Gained mutation: You have razor-sharp teeth. [Vine Stalker
                  | growth]
  4232 | D:5      | Reached XP level 8. HP: 9/40 MP: 3/9
  4237 | D:5      | Reached * piety under Uskayaw
  4250 | D:5      | Killed Ijyb
  4418 | D:5      | Noticed Prince Ribbit
  4424 | D:5      | Reached ** piety under Uskayaw
  4439 | D:5      | Killed Prince Ribbit
  4450 | D:5      | Learned a level 1 spell: Confusing Touch
  4940 | D:5      | Noticed Menkaure
  4956 | D:5      | Killed Menkaure
  4956 | D:5      | Reached skill level 8 in Stealth
  4956 | D:5      | Reached *** piety under Uskayaw
  5125 | D:6      | Reached skill level 5 in Dodging
  5272 | D:6      | Reached XP level 9. HP: 45/45 MP: 10/10
  5414 | D:6      | Reached skill level 9 in Stealth
  5430 | D:6      | Reached **** piety under Uskayaw
  5473 | D:6      | Found an opulent altar of Gozag.
  5535 | D:6      | Found a glowing golden altar of the Shining One.
  5994 | D:7      | Reached skill level 1 in Armour
  6000 | D:7      | Reached skill level 10 in Stealth
  6060 | D:7      | You fall through a shaft for 3 floors!
  6060 | D:10     | Entered Level 10 of the Dungeon
  6076 | D:10     | Found a staircase to the Orcish Mines.
  6164 | D:10     | Noticed a two-headed ogre
  6548 | D:9      | Found a staircase to the Lair.
  6550 | D:9      | Noticed a komodo dragon
  6680 | D:8      | Reached skill level 11 in Stealth
  6680 | D:8      | Reached XP level 10. HP: 24/51 MP: 9/12
  6848 | D:8      | Reached skill level 5 in Fighting
  6912 | D:8      | Got an ichor-stained ring mail
  6913 | D:8      | Identified the cursed +1 ring mail of Wrong Decisions {+Inv
                  | MR+ Stlth+} (You found it on level 8 of the Dungeon)
  7307 | D:8      | Reached skill level 1 in Evocations
  7692 | D:9      | Reached skill level 12 in Stealth
  7740 | D:9      | Found a runed translucent gate.
  7741 | D:9      | Found a runed translucent gate.
  7797 | D:9      | Found a runed translucent gate.
  7799 | D:9      | Found an opulent altar of Gozag.
  7801 | D:9      | Noticed a skeletal warrior
  7802 | D:9      | Noticed Graouh's ghost (journeyman MiFi)
  7899 | D:9      | Noticed a wizard
  7918 | D:9      | Killed a wizard
  8013 | D:9      | Reached XP level 11. HP: 36/56 MP: 11/15
  8061 | D:9      | Found a radiant altar of Vehumet.
  8486 | Lair:1   | Entered Level 1 of the Lair of Beasts
  8486 | Lair:1   | Noticed a seven-headed hydra
  8533 | Lair:1   | Killed a seven-headed hydra
  8561 | Lair:1   | Reached ***** piety under Uskayaw
  8563 | Lair:1   | HP: 4/84 [hippogriff (2)]
  8565 | Lair:1   | Reached skill level 13 in Stealth
  8569 | Lair:1   | Reached ****** piety under Uskayaw
  8830 | Lair:1   | Slain by a komodo dragon

Skill      XL: |  1  2  3  4  5  6  7  8  9 10 11 |
---------------+----------------------------------+-----
Stealth        | 5 6 7 8 11 12 13 | 13.1
Dodging        | 1 2 3 4 5 6 |  6.7
Short Blades   | 2 3 4 5 6 7 |  7.7
Fighting       | 2 3 4 5 6 |  6.0
Armour         | 2 4 |  4.7
Evocations     | 2 3 |  3.9
Throwing       | |  1.7

Action                   |  1- 3 |  4- 6 |  7- 9 | 10-12 || total
-------------------------+-------+-------+-------+-------++-------
Melee: Dagger            |    99 |   324 |   391 |   312 ||  1126
       Bite              |    16 |    66 |   121 |   101 ||   304
Evoke: Wand              |       |       |       |     1 ||     1
  Use: Scroll            |     2 |       |    14 |     2 ||    18
       Potion            |     1 |     1 |       |     4 ||     6
 Stab: Sleeping          |    14 |     2 |    18 |     7 ||    41
       Paralysed         |       |       |     5 |     7 ||    12
       Distracted        |       |       |       |     1 ||     1
  Eat: Chunk             |       |     6 |    13 |     7 ||    26
Armor: Robe              |    23 |    82 |    21 |       ||   126
       Skin              |       |    66 |       |    44 ||   110
       Ring mail         |       |       |    89 |    52 ||   141
Dodge: Dodged            |    51 |   175 |   223 |   136 ||   585
       Deflected         |       |       |     1 |     2 ||     3
